Map: Tropical Sacrifice

Players

heemskerka - Winner!

  • Race: Terran Terran
  • League: Bronze
  • Spawn Location: 7:00

Xana

  • Race: Zerg Zerg
  • League: Bronze
  • Spawn Location: 1:00

VOD

Have the link to the VOD?

Description

Time

  • Played on: Aug. 18, 2022, 2:12 p.m.
  • Length: 25:35
Show
View Real Time Build Order
Export as new Build Order

heemskerka Terran - Winner!

Build Orders: Command Center First (CC) 

Get SALT Encoding   

  12  0:00  SCV  
  13  0:12  SCV  
  14  0:18  Supply Depot  
  14  0:24  SCV  
  15  0:40  SCV  
  16  0:52  SCV  
  17  1:05  SCV  
  18  1:11  Command Center  
  18  1:17  SCV  
  19  1:20  Barracks  
  19  1:29  SCV  
  20  1:33  Refinery  
  20  1:36  Refinery  
  20  1:43  SCV  
  21  1:55  SCV  
  21  1:59  Supply Depot  
  23  2:13  Marine  
  23  2:18  Orbital Command  
  23  2:20  Bunker  
  23  2:31  Marine  
  23  2:36  Refinery  
  25  2:39  Orbital Command  
  24  2:53  Marine  
  24  2:55  Factory  
  25  2:59  Supply Depot  
  25  3:05  Engineering Bay  
  25  3:08  SCV  
  25  3:10  SCV  
  27  3:13  Barracks Tech Lab  
  27  3:20  SCV  
  27  3:22  SCV  
  29  3:32  SCV  
  30  3:42  Barracks Tech Lab, Hellion  
  30  3:44  Starport  
  30  3:46  SCV  
  33  3:50  Missile Turret  
  33  3:52  Missile Turret  
  33  4:16  Cyclone  
  36  4:20  Viking  
  36  4:21  Barracks Tech Lab  
  38  4:42  Fusion Core  
  38  4:43  SCV x2  
  38  4:45  Starport  
  38  4:55  SCV x2  
  38  4:57  Missile Turret  
  40  5:02  Marine  
  41  5:07  SCV x2  
  43  5:16  Supply Depot  
  43  5:17  Command Center  
  43  5:19  SCV x2  
  43  5:20  Marine  
  46  5:31  SCV  
  47  5:35  Refinery  
  47  5:38  Battlecruiser  
  53  5:47  Supply Depot  
  53  5:50  Marine  
  53  5:53  Siege Tank  
  57  6:07  Factory  
  57  6:08  Barracks Tech Lab  
  57  6:10  Battlecruiser  
  63  6:18  SCV x2  
  65  6:24  Weapon Refit  
  65  6:30  SCV  
  65  6:31  Infernal Pre-Igniter  
  65  6:32  SCV  
  67  6:34  Orbital Command  
  67  6:42  SCV  
  67  6:44  SCV  
  69  6:51  Missile Turret  
  70  6:54  SCV  
  70  6:56  SCV  
  71  7:12  Battlecruiser  
  71  7:13  Siege Tank  
  80  7:30  SCV x2  
  80  7:33  Command Center  
  80  7:34  Hellion  
  82  7:54  Hellion  
  84  8:37  Orbital Command  
  84  8:45  Battlecruiser x2  
  84  8:46  Supply Depot  
  84  8:47  Supply Depot  
  96  8:48  Supply Depot  
  96  8:49  Supply Depot  
  96  8:51  Supply Depot  
  96  8:52  Command Center  
  96  8:59  Factory  
  96  9:05  Barracks Tech Lab  
  96  9:06  Factory  
  92  9:33  Hellion  
  94  9:39  Hellion  
  96  9:48  SCV x2  
  98  9:55  Hellion  
  100  10:00  Hellion, SCV x2  
  100  10:02  Hellion x2  
  108  10:15  SCV  
  108  10:16  Hellion, SCV  
  108  10:18  SCV  
  113  10:21  Siege Tank  
  113  10:24  Hellion x2  
  113  10:28  SCV x2  
  122  10:30  SCV  
  122  10:31  Refinery  
  122  10:33  Armory  
  122  10:34  Orbital Command  
  123  10:36  Armory  
  123  10:37  Siege Tank  
  123  10:40  SCV x2  
  128  10:43  SCV  
  128  10:45  Hellion  
  128  10:46  Factory Reactor  
  131  10:52  SCV x2  
  131  10:53  Siege Tank  
  131  10:55  SCV  
  138  11:04  SCV x2  
  138  11:07  SCV  
  138  11:09  Siege Tank  
  146  11:25  Siege Tank  
  146  11:41  Siege Tank  
  155  11:54  Hellion  
  151  12:14  Thor  
  151  12:15  Missile Turret  
  153  12:16  Thor  
  153  12:18  Command Center  
  153  12:19  Missile Turret  
  155  12:24  Command Center, Missile Turret, Supply Depot  
  155  12:25  Supply Depot  
  155  12:28  Refinery  
  155  12:29  Command Center  
  155  12:34  Missile Turret  
  155  12:52  Command Center  
  155  12:56  Battlecruiser  
  155  12:57  Thor  
  167  13:09  Planetary Fortress  
  167  13:19  Hellion  
  169  13:25  SCV  
  170  13:30  Thor  
  170  13:32  Missile Turret x2  
  176  13:36  Factory Reactor  
  176  13:40  Thor, Hellion  
  184  13:42  Factory  
  184  13:50  Missile Turret  
  184  13:54  Orbital Command x2  
  184  13:56  Orbital Command  
  184  14:01  Terran Vehicle And Ship Armor Level 1, Terran Vehicle Weapons Level 1  
  184  14:02  Hellion  
  186  14:03  Command Center  
  186  14:04  Missile Turret  
  186  14:11  Refinery  
  186  14:12  Thor  
  192  14:23  Thor, Orbital Command  
  200  14:27  Refinery  
  200  14:31  Factory Reactor  
  200  14:33  Factory Tech Lab  
  196  14:56  Hellion  
  196  15:33  Missile Turret  
  196  15:34  Missile Turret  
  196  15:35  Command Center, Missile Turret  
  196  15:38  Missile Turret  
  195  15:51  Planetary Fortress  
  195  15:56  Command Center  
  195  15:58  Orbital Command x2  
  195  15:59  Command Center  
  195  16:02  SCV x4  
  195  16:03  Refinery, SCV  
  200  16:05  Refinery  
  200  16:14  Hi-Sec Auto Tracking  
  200  16:24  Missile Turret  
  200  16:46  Missile Turret  
  200  16:52  Factory  
  200  16:53  Factory  
  194  17:11  Thor, Neosteel Armor  
  200  17:18  Planetary Fortress  
  200  17:19  Planetary Fortress  
  200  17:20  Hellion x11  
  200  17:32  Smart Servos  
  200  17:34  Mag-Field Accelerator  
  200  17:38  Orbital Command  
  200  18:08  Thor, Hellion  
  200  18:09  Hellion x3  
  162  18:30  Hellion x4  
  158  18:34  Battlecruiser x2  
  149  18:49  Terran Vehicle And Ship Armor Level 2, Terran Vehicle Weapons Level 2  
  149  18:51  Thor, Hellion x3  
  149  18:52  Hellion  
  106  19:11  Factory Tech Lab  
  106  19:12  Thor, Factory Tech Lab, Hellion  
  106  19:13  Thor, Hellion  
  118  19:34  Hellion x3  
  130  19:38  Battlecruiser x2  
  136  19:55  Hellion x2  
  136  19:56  Hellion x3  
  142  20:08  Thor x2  
  154  20:16  Thor  
  154  20:17  Thor, Hellion x3, Starport  
  154  20:18  Starport  
  172  20:36  Command Center  
  172  20:38  Thor, Hellion  
  172  20:41  Command Center  
  172  20:42  Battlecruiser, SCV x3  
  195  20:43  Battlecruiser, SCV  
  194  20:59  Thor  
  194  21:01  Orbital Command  
  194  21:02  Hellion x12  
  194  21:03  Command Center  
  200  21:06  Starport Tech Lab x2  
  188  21:47  Battlecruiser  
  188  21:55  Thor, Hellion  
  188  21:56  Hellion x2  
  188  22:00  Planetary Fortress  
  200  22:02  Orbital Command  
  200  22:04  Command Center  
  200  22:11  Command Center  
  200  22:18  Terran Vehicle Weapons Level 3, Terran Vehicle And Ship Armor Level 3  
  200  22:20  Corvid Reactor  
  200  22:25  Planetary Fortress  
  200  22:41  Missile Turret  
  200  22:54  Refinery  
  200  22:56  Refinery  
  200  23:02  Missile Turret  
  200  23:22  Missile Turret, Orbital Command  
  158  23:50  Thor x3, Hellion x2  
  158  23:51  Hellion x2  
  140  24:11  Thor, Hellion  
  140  24:12  Thor, Hellion  
  155  24:19  Battlecruiser x2  
  167  24:32  Thor  
  167  24:33  Hellion x4  
  165  24:46  Command Center  
  165  24:54  Hellion x2  
  165  24:55  Hellion x4  
  177  25:07  SCV  
  177  25:08  SCV x3  
  195  25:24  Command Center  
  194  25:29  Command Center  
Show
View Real Time Build Order
Export as new Build Order

Xana Zerg 

Build Orders: Hatch First 

Get SALT Encoding   

  12  0:00  Drone  
  13  0:13  Overlord  
  13  0:20  Drone  
  14  0:31  Drone x2  
  16  0:50  Hatchery  
  16  0:54  Drone  
  16  1:01  Drone x2  
  18  1:15  Extractor  
  18  1:18  Spawning Pool  
  16  1:20  Drone  
  16  1:23  Drone  
  18  1:28  Drone  
  20  1:40  Drone  
  20  1:50  Drone  
  21  2:04  Queen  
  21  2:05  Queen  
  21  2:07  Zergling x4  
  27  2:13  Overlord  
  27  2:22  Drone  
  28  2:35  Hatchery  
  27  2:49  Drone x5  
  27  2:50  Drone  
  33  2:53  Metabolic Boost  
  33  3:09  Drone x2  
  35  3:14  Drone  
  35  3:15  Overlord  
  36  3:20  Overlord  
  36  3:32  Queen  
  37  3:44  Drone  
  37  3:45  Drone x5  
  43  3:57  Baneling Nest  
  43  3:59  Drone x2  
  44  4:05  Overlord  
  44  4:16  Zergling x6  
  47  4:24  Queen x2  
  47  4:26  Queen  
  53  4:35  Spore Crawler  
  53  4:37  Extractor  
  53  4:38  Drone x7  
  58  5:03  Lair  
  58  5:06  Extractor  
  57  5:07  Drone  
  57  5:08  Overlord x4  
  58  5:23  Spore Crawler  
  57  5:39  Zergling x4  
  57  5:40  Zergling x6  
  62  5:46  Drone  
  62  5:47  Drone  
  64  5:52  Drone x2  
  64  5:53  Drone x2  
  64  5:56  Drone  
  69  5:57  Drone x2  
  69  6:01  Drone x6  
  69  6:02  Drone x2  
  79  6:18  Overseer  
  79  6:20  Centrifugal Hooks  
  79  6:22  Zergling x2  
  79  6:23  Zergling x10  
  84  6:49  Extractor  
  84  6:50  Drone x3  
  84  6:52  Zergling x6  
  89  7:01  Overlord x5  
  89  7:02  Overlord  
  89  7:08  Queen  
  88  7:19  Queen x2  
  89  7:44  Queen  
  89  7:54  Queen x2  
  85  8:22  Spore Crawler  
  85  8:23  Spore Crawler  
  85  8:25  Spore Crawler  
  85  8:26  Spore Crawler  
  81  8:30  Queen  
  83  8:45  Extractor, Queen x2  
  83  8:46  Extractor  
  85  8:56  Zergling x2  
  85  8:57  Zergling x38  
  105  9:06  Queen  
  91  9:21  Queen x2  
  93  9:34  Overlord x2  
  93  9:35  Overlord x2  
  93  9:41  Queen  
  93  9:42  Drone x3  
  93  9:43  Drone x3  
  93  9:44  Drone  
  93  9:45  Drone  
  103  9:56  Queen x2  
  107  10:05  Spire  
  106  10:46  Hatchery  
  106  10:48  Extractor  
  104  11:00  Overlord x4  
  104  11:03  Overseer  
  104  11:07  Overlord  
  96  11:23  Corruptor x2  
  96  11:24  Corruptor x8  
  96  11:25  Corruptor x7  
  108  11:26  Corruptor x4  
  115  12:06  Zergling x6  
  115  12:07  Zergling x12  
  109  12:17  Zergling x2  
  110  12:23  Queen  
  110  12:28  Queen  
  114  12:31  Extractor  
  113  12:42  Infestation Pit  
  113  12:44  Zerg Flyer Weapons Level 1  
  112  12:54  Zergling x2  
  112  12:58  Overlord  
  113  13:00  Overlord x4  
  113  13:02  Hatchery, Overseer  
  112  13:30  Drone x2  
  112  13:31  Drone x7  
  121  13:41  Zergling x4  
  121  13:44  Zergling x2  
  121  13:45  Zergling x4  
  121  13:46  Zergling x2  
  121  13:47  Zergling x2  
  128  14:03  Hive  
  128  14:04  Pathogen Glands  
  127  14:12  Mutalisk x10  
  127  14:13  Mutalisk  
  149  14:19  Queen  
  144  14:32  Zergling x22  
  144  14:33  Zergling x2  
  144  14:36  Hatchery  
  133  15:06  Overlord  
  133  15:08  Drone x2  
  133  15:09  Drone x4  
  133  15:10  Drone x5  
  133  15:11  Drone x5  
  149  15:25  Hatchery  
  149  15:27  Greater Spire  
  148  15:29  Zergling x2  
  148  15:30  Zergling x14  
  151  16:00  Evolution Chamber  
  150  16:09  Evolution Chamber  
  149  16:34  Drone  
  149  16:35  Drone x2  
  152  16:43  Overseer  
  149  17:09  Zerg Flyer Weapons Level 2  
  149  17:15  Brood Lord x4  
  155  17:16  Brood Lord x5  
  155  17:17  Brood Lord  
  168  17:25  Zergling x20  
  168  17:26  Zergling x44  
  198  17:50  Zerg Melee Weapons Level 1  
  198  17:51  Zerg Ground Armor Level 1  
  184  18:12  Mutalisk x7  
  174  18:32  Zergling x2  
  174  18:33  Zergling x34  
  169  18:57  Zergling x18  
  161  19:11  Zergling x8  
  165  19:25  Zerg Flyer Weapons Level 3  
  165  19:33  Corruptor x4  
  165  19:34  Corruptor x5  
  183  20:07  Hatchery  
  172  20:12  Zergling x22  
  172  20:13  Zergling x2  
  184  20:33  Extractor  
  184  20:35  Extractor  
  182  20:36  Infestor x5  
  182  20:40  Overlord x4  
  183  21:03  Drone x3  
  183  21:04  Drone x2  
  183  21:05  Drone x4  
  183  21:08  Baneling x7  
  183  21:09  Baneling x7  
  183  21:10  Baneling x2  
  189  21:21  Baneling x5  
  189  21:22  Baneling x7  
  189  21:23  Baneling x7  
  189  21:24  Baneling x5  
  184  21:39  Zergling x2  
  167  21:40  Zergling x24  
  166  21:52  Zergling x14  
  166  21:53  Zergling x2  
  172  22:13  Overlord  
  172  22:14  Overlord x2  
  172  22:16  Overseer  
  172  22:27  Zergling x2  
  172  22:29  Zergling x2  
  175  22:30  Zergling x10  
  175  22:36  Hatchery  
  168  23:04  Corruptor x6  
  168  23:05  Corruptor x3  
  180  23:13  Queen  
  182  23:20  Baneling x4  
  182  23:21  Baneling x8  
  182  23:22  Baneling x5  
  182  23:23  Baneling x2  
  182  23:24  Baneling x2  
  182  23:25  Baneling  
  182  23:46  Zergling x6  
  182  23:47  Zergling x26  
  133  24:16  Zergling x22  
  133  24:17  Zergling x6  
  122  24:33  Zergling x4  
  122  24:34  Zergling x24  
  117  24:41  Brood Lord  
  86  24:55  Zergling x18  
  84  25:09  Zergling x8  
  84  25:10  Zergling x4  
Tags
 
Add a new tag
Caveats
  • Supply blocks, unpowered buildings, or Contaminate may cause inaccurate times.
  • Supply counts are checked every 10 seconds.